 Dungeon Crawl Stone Soup version 0.22.0-36-g8e74550d25 (webtiles) character file.

154 Kalaidos the Conjurer (level 5, -2/40 HPs)
             Began as a Draconian Conjurer on Aug 25, 2018.
             Slain by a sky beast (6 damage)
             ... on level 3 of the Dungeon.
             The game lasted 00:34:25 (3144 turns).

Kalaidos the Conjurer (Draconian Conjurer)          Turns: 3144, Time: 00:34:26

Health: -2/40      AC:  5    Str: 11    XL:     5   Next: 13%
Magic:  0/9        EV: 12    Int: 16    God:
Gold:   100        SH:  0    Dex: 11    Spells: 8/9 levels left

rFire    . . .     SeeInvis .   g - +0 trident
rCold    . . .     Gourm    .   (no shield)
rNeg     + . .     Faith    .   (armour unavailable)
rPois    .         Spirit   .   (helmet restricted)
rElec    .         Reflect  .   (no cloak)
rCorr    .         Harm     .   (no gloves)
MR       .....                  (no boots)
Stlth    ++........             (no amulet)
HPRegen  0.13/turn              m - ring of positive energy
MPRegen  0.11/turn              (no ring)

@: no status effects
A: unfitting armour, cold-blooded, AC +5
a: no special abilities


You were on level 3 of the Dungeon.
You were not hungry.

You visited 1 branch of the dungeon, and saw 4 of its levels.

You collected 100 gold pieces.

Inventory:

Hand Weapons
 d - a +1 spear
 g - a +0 trident (weapon)
 l - a +0 halberd
 q - a +0 halberd
 t - a +0 hand axe
Missiles
 a - 23 arrows
 i - 18 bolts
 s - 3 tomahawks (quivered)
Armour
 r - a +1 helmet
Jewellery
 m - a ring of positive energy (left hand)
Scrolls
 c - 2 scrolls of enchant weapon
 h - a scroll of identify
 n - a scroll of magic mapping
 o - 2 scrolls of remove curse
Potions
 e - a potion of ambrosia
Comestibles
 b - 6 rations


   Skills:
 + Level 1.0 Fighting
 + Level 2.1 Polearms
 + Level 2.4 Dodging
 + Level 2.0 Stealth
 + Level 2.8 Spellcasting
 + Level 4.9 Conjurations


You had 8 spell levels left.
You knew the following spells:

 Your Spells              Type           Power        Failure   Level  Hunger
a - Magic Dart            Conj           ###.         2%          1    #......

Your spell library contained the following spells:

 Spells                   Type           Power        Failure   Level  Hunger
 Searing Ray              Conj           ###...       3%          2    ##.....
 Dazzling Spray           Conj/Hex       ##....       21%         3    ###....
 Iskenderun's Mystic Bla  Conj           ###.....     26%         4    #####..
 Force Lance              Conj/Tloc      ##......     56%         4    #####..
 Fulminant Prism          Conj/Hex       ##........   56%         4    #####..


Dungeon Overview and Level Annotations

Branches:
Dungeon (4/15)
 Temple: D:4-7

Altars:
Fedhas
Kikubaaqudgha

Annotations:
D:2 Natasha


Innate Abilities, Weirdness & Mutations

Your plain brown scales are hard. (AC +5)
You cannot fit into any form of body armour.
You are cold-blooded and may be slowed by cold attacks.


Message History

Aiming: Magic Dart (safe; 2% risk of failure)
Press: ? - help, Shift-Dir - straight line, f/p - sky beast
Aim: a sky beast (severely wounded)
The magic dart hits the sky beast.
The sky beast is severely wounded.
The sky beast closely misses you.
You barely miss the sky beast. You tail-slap the sky beast.
The sky beast is almost dead.
The sky beast hits you but does no damage.
The sky beast flickers out of sight!
Deactivating autopickup; reactivate with Ctrl-A.
Something hits you.
* * * LOW HITPOINT WARNING * * *
Something shocks you.
* * * LOW HITPOINT WARNING * * *
Your magical contamination has completely faded away.
You closely miss something. Something hits you.
* * * LOW HITPOINT WARNING * * *
Something shocks you.
You die...

...####.........##.#...#.######.#
..#####........###.#..##.# #.#
..รท...>.#.....####.#.###.# #.#
##########...###.........# #..
##+## #.###.###.######## #.# #.#
#.....<....... ######.####.#
#.###.###..### #........##.#
#.....# #..# #
#.###....##@###.###.# #..# #
######.##.....##{..####### #..# #
..............##...##..P####..###
######.##.#.#.###....P_P#........
#.##.#####P......PP#########
#.....#PP.......####
#######P_P....### #.PP##..#####
### #### #########.......# #..


There were no monsters in sight!

Vanquished Creatures
  An orc priest (D:3)
  3 gnolls
  An adder (D:2)
  An ooze (D:1)
  A worm (D:3)
  2 orcs (D:3)
  A ball python (D:3)
  2 giant cockroaches
  3 goblins (D:1)
  8 hobgoblins
  25 jackals
  4 kobolds
  2 quokkas (D:3)
  6 bats
  2 frilled lizards (D:3)
  3 rats (D:1)
65 creatures vanquished.

Notes
Turn   | Place    | Note
-------+----------+-------------------------------------------
     0 | D:1      | Kalaidos the Draconian Conjurer began the quest for the Orb.
     0 | D:1      | Reached XP level 1. HP: 14/14 MP: 3/3
   135 | D:1      | Reached XP level 2. HP: 20/20 MP: 5/5
   821 | D:1      | Reached XP level 3. HP: 26/26 MP: 4/6
  1000 | D:2      | Reached skill level 1 in Polearms
  1270 | D:2      | Noticed Natasha
  1650 | D:3      | Reached XP level 4. HP: 33/33 MP: 2/7
  2257 | D:3      | Found an ancient bone altar of Kikubaaqudgha.
  2259 | D:3      | Found a blossoming altar of Fedhas.
  2473 | D:3      | Reached XP level 5. HP: 26/39 MP: 6/9
  2654 | D:3      | Reached skill level 1 in Fighting
  2750 | D:3      | Noticed a sky beast
  3144 | D:3      | Slain by a sky beast

Skill      XL: |  1  2  3  4  5 |
---------------+----------------+-----
Polearms       | 1 2 |  2.1
Dodging        | 2 |  2.4
Stealth        | 2 |  2.0
Fighting       | 1 |  1.0
Spellcasting   | |  2.8
Conjurations   | |  4.9

Action                   |  1- 3 |  4- 6 || total
-------------------------+-------+-------++-------
Melee: Spear             |    42 |    42 ||    84
       Tailslap          |     4 |     5 ||     9
       Halberd           |       |    16 ||    16
       Trident           |       |    19 ||    19
 Cast: Magic Dart        |    64 |    74 ||   138
  Use: Scroll            |     4 |     2 ||     6
       Potion            |     1 |     2 ||     3
  Eat: Chunk             |     3 |     5 ||     8
Armor: Skin              |    14 |    44 ||    58
Dodge: Dodged            |    26 |    85 ||   111
